 Dungeon Crawl Stone Soup version 0.30-a0-718-geaa24f58ff (webtiles) character file.

Game seed: 15421762471736612591

676 Laraso the Magician (level 7, -3/52 HPs)
             Began as a Djinni Hedge Wizard on Jan 25, 2023.
             Was an Initiate of Makhleb.
             Slain by a water moccasin (5 damage)
             ... on level 5 of the Dungeon.
             The game lasted 00:07:09 (4600 turns).

Laraso the Magician (Djinni Hedge Wizard)           Turns: 4600, Time: 00:07:09

Health: -3/52      AC:  4    Str:  9    XL:     7   Next: 91%
Gold:   216        EV: 13    Int: 18    God:    Makhleb [......] SH:  0 Dex: 12

rFire   + + .      SeeInvis .    a - +2 short sword (speed)
rCold   x . .      Faith    .    (no shield)
rNeg    . . .      Spirit   .    b - +0 robe
rPois   ∞          Reflect  .    g - +0 helmet
rElec   .          Harm     .    (no cloak)
rCorr   .          Rampage  .    s - +0 pair of gloves
Will    .....                    (boots unavailable)
Stlth   ++                       (no amulet)
HPRegen 0.28/turn                (no ring)
MPRegen 0.00/turn                (no ring)

@: brilliant, flying, studying Long Blades
A: sickness immunity, fire resistance 2, cold vulnerability 1, float, innate
caster, HP casting, extra vitality 1
a: Renounce Religion


You were on level 5 of the Dungeon.
You worshipped Makhleb.
Makhleb was noncommittal.
You visited 1 branch of the dungeon, and saw 5 of its levels.

You collected 216 gold pieces.

Inventory:

Hand Weapons
 a - a +2 short sword of speed (weapon)
Armour
 b - a +0 robe (worn)
 g - a +0 helmet (worn)
 s - a +0 pair of gloves (worn)
Scrolls
 f - 2 scrolls of fog
 k - a scroll of amnesia {unknown}
 l - a scroll of vulnerability
 n - a scroll of magic mapping {unknown}
 o - 5 scrolls of identify
 r - a scroll of immolation {unknown}
Potions
 c - a potion of curing
 d - a potion of magic
 h - a potion of attraction {unknown}
 i - a potion of lignification {unknown}
 j - a potion of cancellation {unknown}
 m - a potion of might {unknown}
 p - a potion of ambrosia {unknown}
 q - 2 potions of degeneration {unknown}


   Skills:
 - Level 4.0 Fighting
 - Level 4.0 Dodging
 - Level 1.5 Stealth
 * Level 5.2 Spellcasting


You had one spell level left.
You knew the following spells:

 Your Spells              Type           Power      Damage    Failure   Level
a - Magic Dart            Conj           100%       1d8       1%          1
b - Slow                  Hex            100%       N/A       1%          1
c - Blink                 Tloc           70%        N/A       2%          2
d - Call Imp              Summ           35%        N/A       2%          2
e - Mephitic Cloud        Conj/Pois/Air  35%        N/A       4%          3
f - Kiss of Death         Conj/Necr      100%       2d13      1%          1
g - Poisonous Vapours     Pois/Air       70%        N/A       2%          2
h - Dazzling Flash        Conj/Hex       70%        N/A       4%          3
Your spell library was empty.

Dungeon Overview and Level Annotations

Branches:
Dungeon (5/15)
 Temple: D:4-7

Altars:
Makhleb
Okawaru
Ru
Trog

Shops:
D:4 (

Annotations:
D:4 1 runed translucent door, FireHeadGirl's ghost, amateur HuAr


Innate Abilities, Weirdness & Mutations

You are immune to sickness and miasma.
You are immune to poison.
Your flesh is very heat resistant. (rF++)
You are vulnerable to cold. (rC-)
You float through the air rather than walking.
You learn spells naturally, not from books.
Your magical power is your life essence.
You have superior vitality. (+4 MHP)


Message History

Your shadow imp dies!
Your shadow imp disappears in a puff of smoke!
The iguana attacks as you move away! The iguana bites you.
The water moccasin bites you. The water moccasin closely misses you.
Casting: Dazzling Flash (dangerous; 4% risk of failure)
Confirm with . or Enter, or press ? or * to list all spells.
You blink.
Casting: Blink (safe; 2% risk of failure)
Confirm with . or Enter, or press ? or * to list all spells.
Aiming: Mephitic Cloud (dangerous; 4% risk of failure)
Press: ? - help, Shift-Dir - straight line, p - water moccasin The ball explodes into a vile cloud!
The stinking cloud engulfs the iguana but does no damage.
The stinking cloud engulfs the water moccasin but does no damage.
The water moccasin is almost dead.
* * * LOW HITPOINT WARNING * * *
The water moccasin barely misses you.
Unknown command.
Unknown command.
You feel stable enough to blink again. The water moccasin bites you.
* * * LOW HITPOINT WARNING * * *
The iguana misses you. The water moccasin misses you.
The water moccasin completely misses you.
The water moccasin bites you but does no damage.
Casting: Mephitic Cloud (dangerous; 4% risk of failure)
Confirm with . or Enter, or press ? or * to list all spells.
A beastly little devil appears in a puff of frigid air.
* * * LOW HITPOINT WARNING * * *
The water moccasin bites you.
* * * LOW HITPOINT WARNING * * *
The iguana bites you.
* * * LOW HITPOINT WARNING * * *
Unknown command.
You swap places.
The iguana bites your white imp!
Your white imp closely misses the water moccasin.
It was a potion of brilliance.
You feel clever all of a sudden. The water moccasin bites you.
You die...

.......?...
#.[.......#
##....$....#
..........#
##....<..##
#......$..#
#.........#
#.........#
#...@S....#
#...<5....#
##....l..##
##.....##
#######


You could see a water moccasin (ally target), an iguana and a friendly white imp
(summoned).

Vanquished Creatures
  2 yaks
  An orc priest (D:3)
  A gnoll bouda (D:4)
  An orc wizard (D:4)
  5 adders
  11 gnolls
  2 worms
  8 orcs
  5 endoplasms
  4 giant cockroaches
  6 goblins
  10 hobgoblins
  3 jackals (D:4)
  6 kobolds
  2 quokkas
  5 ball pythons
  9 bats
  6 rats
87 creatures vanquished.

Vanquished Creatures (collateral kills)
  A gnoll bouda (D:4)
  A gnoll (D:4)
  A goblin (D:1)
  A bat (D:2)
4 creatures vanquished.

Vanquished Creatures (others)
  An orc wizard (D:3)
1 creature vanquished.

Grand Total: 92 creatures vanquished

Notes
Turn   | Place    | Note
-------+----------+-------------------------------------------
     0 | D:1      | Laraso the Djinni Hedge Wizard began the quest for the Orb.
     0 | D:1      | Laraso set off with the following spells memorised: Magic
                  | Dart, Slow, Blink, Call Imp, Mephitic Cloud.
     0 | D:1      | Reached XP level 1. HP: 15/15 MP: 0/0
    10 | D:1      | Found a faded altar of an unknown god.
   125 | D:1      | Reached XP level 2. HP: 20/21 MP: 0/0
   260 | D:1      | Reached skill level 3 in Spellcasting
   427 | D:1      | Reached XP level 3. HP: 22/25 MP: 0/0
   427 | D:1      | Learned a level 1 spell: Kiss of Death
   779 | D:2      | Found a sacrificial altar of Ru.
  1232 | D:2      | Reached XP level 4. HP: 24/31 MP: 0/0
  1310 | D:3      | Reached skill level 4 in Spellcasting
  1315 | D:3      | Reached XP level 5. HP: 22/35 MP: 0/0
  1315 | D:3      | Learned a level 2 spell: Poisonous Vapours
  2020 | D:3      | Found a bloodstained altar of Trog.
  2149 | D:3      | Reached skill level 1 in Fighting
  2297 | D:4      | Reached XP level 6. HP: 37/42 MP: 0/0
  2851 | D:4      | Found a runed translucent door.
  2852 | D:4      | Noticed FireHeadGirl's ghost (amateur HuAr)
  2913 | D:4      | Found Biqya's Antique Weapon Emporium.
  3370 | D:4      | Noticed a yak
  3370 | D:4      | Noticed a yak
  3370 | D:4      | Noticed a yak
  3372 | D:4      | Noticed a yak
  3379 | D:5      | Entered Level 5 of the Dungeon
  3397 | D:5      | Killed a yak
  3398 | D:5      | Reached XP level 7. HP: 13/52 MP: 0/0
  3398 | D:5      | Learned a level 3 spell: Dazzling Flash
  3541 | D:4      | Noticed a yak
  3888 | D:4      | Found a burning altar of Makhleb.
  3889 | D:4      | Found an iron altar of Okawaru.
  4008 | D:4      | Became a worshipper of Makhleb the Destroyer
  4290 | D:4      | Killed a yak
  4291 | D:4      | Reached skill level 5 in Spellcasting
  4568 | D:5      | Noticed a water moccasin
  4598 | D:5      | HP: 2/52 [iguana (5)]
  4600 | D:5      | Slain by a water moccasin

Illustrated notes

Levels and vault maps discovered:
D:1:      reono_arrival_forest_river, layout_rooms,
          ebering_ecumenical_altar_mist, minmay_pentomino_v2
D:2:      layout_loops_ring, basic_altar, grunt_ministairs_7,
          serial_bayou_lagoon_b
D:3:      layout_loops_ring, trog_book, grunt_ministairs_12,
          nicolae_figureground_pulse
D:4:      layout_loops_cross, gammafunk_temple_overflow_pools, serial_shops,
          nicolae_square_shop, ebering_ghost_reflecting_pool
D:5:      layout_rooms, minmay_temple_entry_offerings, minmay_holes

Skill      XL: |  1  2  3  4  5  6  7 |
---------------+----------------------+-----
Spellcasting   | 3 4 5 |  5.2
Dodging        | 4 |  4.0
Fighting       | 1 4 |  4.0
Stealth        | |  1.5

Action                     |  1- 3 |  4- 6 |  7- 9 || total
---------------------------+-------+-------+-------++-------
  Melee: Short sword       |    19 |   151 |    50 ||   220
         Dagger            |     3 |       |       ||     3
         Punch             |     1 |     1 |     1 ||     3
   Cast: Magic Dart        |    69 |    31 |     6 ||   106
         Call Imp          |     2 |     6 |     6 ||    14
         Blink             |     2 |     1 |     2 ||     5
         Slow              |     1 |       |       ||     1
         Mephitic Cloud    |       |    22 |     7 ||    29
         Poisonous Vapours |       |     3 |     3 ||     6
         Dazzling Flash    |       |       |     1 ||     1
    Use: Scroll            |     5 |       |       ||     5
         Potion            |       |       |     1 ||     1
   Stab: Sleeping          |     2 |     1 |       ||     3
         Confused          |       |    17 |     1 ||    18
 Armour: Robe              |     6 |     8 |    11 ||    25
  Dodge: Dodged            |    21 |    69 |    36 ||   126

Table legend: (Time is in decaauts)
 A = Elapsed time spent in this place.
 B = Non-inter-level travel time spent in this place.
 C = Inter-level travel time spent in this place.
 D = Time resting spent in this place.
 E = Time spent auto-exploring this place.
 F = Levels seen in this place.
 G = Mean time per level.
                   A        B        C        D        E       F      G
               +--------+--------+--------+--------+--------+-----+--------+
         Total |   4524 |   4436 |     88 |   1240 |   2430 |   5 |  904.8 |
       Dungeon |   4524 |   4436 |     88 |   1240 |   2430 |   5 |  904.8 |
               +--------+--------+--------+--------+--------+-----+--------+

Top non-repeatable levels by time:
     D:4: 1411 daAuts
     D:3: 1369 daAuts
     D:2: 814 daAuts
     D:1: 528 daAuts
     D:5: 401 daAuts
